 Dungeon Crawl Stone Soup version 0.30-b1-2-g02819fbbbe (webtiles) character file.

Game seed: 3532835742538816612

1069 LLlMATKO the Chopper (level 8, -5/71 HPs)
             Began as a Minotaur Berserker on Oct 12, 2023.
             Was a Priest of Trog.
             Slain by Duvessa
             ... wielding a +0 short sword
              (11 damage)
             ... on level 5 of the Dungeon.
             The game lasted 00:03:17 (3966 turns).

LLlMATKO the Chopper (Minotaur Berserker)           Turns: 3966, Time: 00:03:18

Health: -5/71      AC: 18    Str: 24    XL:     8   Next: 7%
Magic:  7/7        EV:  8    Int:  4    God:    Trog [***...]
Gold:   246        SH:  0    Dex: 10    Spells: 7/7 levels left

rFire   . . .        a - +0 hand axe
rCold   . . .        (no shield)
rNeg    . . .        s - +0 plate armour
rPois   .            (helmet restricted)
rElec   .            d - +0 cloak
rCorr   .            m - +2 pair of gloves
SInv    .            n - +0 pair of boots
Will    .....        (no amulet) Stlth
                     p - ring of flight
HPRegen 0.31/turn    (no ring)
MPRegen 0.10/turn

%: no passive effects
@: on berserk cooldown, flying, slowed, very slow
A: horns 2, retaliatory headbutt
a: Renounce Religion, Berserk, Trog's Hand


You were on level 5 of the Dungeon.
You worshipped Trog.
Trog was most pleased with you.
You visited 1 branch of the dungeon, and saw 5 of its levels.

You collected 246 gold pieces.

Inventory:

Hand Weapons
 a - a +0 hand axe (weapon)
 h - a +0 hand axe
Armour
 d - a +0 cloak (worn)
 m - a +2 pair of gloves (worn)
 n - a +0 pair of boots (worn)
 s - a +0 plate armour (worn)
Jewellery
 p - a ring of flight (left hand)
Scrolls
 c - 5 scrolls of identify {unknown}
 f - a scroll of vulnerability {unknown}
 g - a scroll of blinking {unknown}
 j - a scroll of amnesia {unknown}
Potions
 e - 2 potions of curing
 i - 2 potions of resistance {unknown}
 l - a potion of mutation {unknown}
 o - a potion of degeneration {unknown}
 q - a potion of heal wounds {unknown}
 r - a potion of lignification {unknown}


   Skills:
 + Level 6.7 Fighting
 + Level 6.8 Axes
 + Level 6.0 Armour
 + Level 5.5 Dodging


You had 7 spell levels left.
You didn't know any spells.
Your spell library was empty.

Dungeon Overview and Level Annotations

Branches:
Dungeon (5/15)
 Temple: D:4-7

Altars:
Gozag
Hepliaklqana

Annotations:
D:3 3 runed translucent doors, Termiter's ghost, amateur DsNe
D:5 Duvessa


Innate Abilities, Weirdness & Mutations

You have a pair of horns on your head.
You reflexively headbutt those who attack you in melee.


Message History

You hit Duvessa.
Duvessa is moderately wounded.
Duvessa hits you but does no damage. x2
Unknown command.
You hit Duvessa. Your headbutt misses Duvessa.
Duvessa is moderately wounded.
Duvessa hits you with a +0 short sword. Duvessa hits you but does no damage.
Unknown command.
You hit Duvessa but do no damage. Your headbutt misses Duvessa.
Duvessa is moderately wounded.
Duvessa misses you. Duvessa barely misses you. You furiously retaliate!
You headbutt Duvessa, but do no damage.
Unknown command.
You closely miss Duvessa. You headbutt Duvessa!
Duvessa is heavily wounded.
Duvessa barely misses you. Duvessa hits you but does no damage.
Unknown command.
You barely miss Duvessa.
Duvessa is heavily wounded.
Duvessa barely misses you.
An ice beast comes into view.
Duvessa hits you but does no damage.
A jelly comes into view.
Unknown command.
The jelly quivers.
You hit Duvessa.
Duvessa is severely wounded.
Duvessa hits you but does no damage. Duvessa hits you with a +0 short sword.
Unknown command.
You closely miss Duvessa.
Duvessa is severely wounded.
Duvessa hits you with a +0 short sword!
* * * LOW HITPOINT WARNING * * *
Duvessa hits you with a +0 short sword!
* * * LOW HITPOINT WARNING * * *
Unknown command.
You closely miss Duvessa. You headbutt Duvessa.
Duvessa is almost dead.
Duvessa hits you with a +0 short sword!
You die...

.....#
.....#
.....#
##....#
####.....#
#....)...#
#J....#
##eY...#
#@†#.###
##.#.#
###.# .#
.. .#


You could see Duvessa (berserk, fast), an ice beast and a jelly.

Vanquished Creatures
  Sigmund (D:3)
  A black bear (D:4)
  An ogre (D:4)
  Dowan (D:5)
  A howler monkey (D:5)
  4 hounds
  A sleepcap (D:4)
  Jessica (D:2)
  2 iguanas (D:4)
  Natasha (thrice) (D:3)
  Robin (D:2)
  17 gnolls
  7 adders
  An ufetubus (D:4)
  A worm (D:2)
  A dart slug (D:4)
  7 orcs (D:4)
  6 endoplasms
  4 giant cockroaches
  15 hobgoblins
  7 jackals
  9 kobolds
  3 quokkas
  2 ball pythons
  5 frilled lizards
  15 goblins
  5 rats
122 creatures vanquished.

Notes
Turn   | Place    | Note
-------+----------+-------------------------------------------
     0 | D:1      | LLlMATKO the Minotaur Berserker began the quest for the
                  | Orb.
     0 | D:1      | Reached XP level 1. HP: 19/19 MP: 0/0
   106 | D:1      | Reached XP level 2. HP: 23/27 MP: 1/1
   760 | D:2      | Reached XP level 3. HP: 33/33 MP: 2/2
   898 | D:2      | Noticed Robin
   912 | D:2      | Killed Robin
   915 | D:2      | Reached ** piety under Trog
   995 | D:2      | Reached XP level 4. HP: 40/40 MP: 3/3
  1237 | D:2      | Noticed Jessica
  1241 | D:2      | Killed Jessica
  1533 | D:2      | Reached XP level 5. HP: 46/47 MP: 4/4
  1988 | D:3      | Found a faded altar of an unknown god.
  2013 | D:3      | Noticed Sigmund
  2020 | D:3      | Killed Sigmund
  2021 | D:3      | Reached skill level 5 in Fighting
  2021 | D:3      | Reached skill level 5 in Axes
  2021 | D:3      | Reached XP level 6. HP: 56/56 MP: 5/5
  2161 | D:3      | Noticed Natasha
  2172 | D:3      | Killed Natasha
  2452 | D:3      | Noticed Natasha
  2457 | D:3      | Killed Natasha
  2608 | D:3      | Noticed Natasha
  2618 | D:3      | Killed Natasha
  2642 | D:3      | Found a runed translucent gate.
  2642 | D:3      | Found a runed translucent gate.
  2643 | D:3      | Found a runed translucent gate.
  2645 | D:3      | Found an opulent altar of Gozag.
  2645 | D:3      | Noticed Termiter's ghost (amateur DsNe)
  3124 | D:4      | Reached skill level 5 in Armour
  3124 | D:4      | Reached XP level 7. HP: 32/62 MP: 6/6
  3295 | D:4      | Reached *** piety under Trog
  3344 | D:4      | Reached skill level 5 in Dodging
  3854 | D:4      | Found a hazy altar of Hepliaklqana.
  3945 | D:5      | Entered Level 5 of the Dungeon
  3945 | D:5      | Noticed Dowan
  3947 | D:5      | Noticed Duvessa
  3952 | D:5      | Killed Dowan
  3953 | D:5      | Reached XP level 8. HP: 36/71 MP: 7/7
  3966 | D:5      | Slain by Duvessa

Illustrated notes

Levels and vault maps discovered:
D:1:      lightli_arrival_boilingwater, layout_basic
D:2:      layout_loops_ring, serial_rivers, chequers_serial_rivers_micro_a,
          chequers_serial_rivers_room_b, chequers_serial_rivers_small_3,
          chequers_serial_rivers_micro_c, grunt_decor_cap, uniq_jessica,
          uniq_robin
D:3:      layout_loops_ring, ebering_ecumenical_altar_mist, ebering_ghost_gozag,
          uniq_natasha, uniq_sigmund
D:4:      minmay_chambers_of_threes, layout_loops_ring,
          mainiacjoe_overflow_tiny_flanked
D:5:      layout_basic, mainiacjoe_overflow_alcove_2, tgw_xom,
          jmf_multi_god_temple2, nicolae_dithmenos_through_a_glass_darkly,
          portal_sewer_entry_e, uniq_duvessa

Skill      XL: |  1  2  3  4  5  6  7 |
---------------+----------------------+-----
Axes           | 4 5 6 |  6.8
Fighting       | 4 5 6 |  6.7
Armour         | 3 4 5 6 |  6.0
Dodging        | 3 4 5 |  5.5

Action                     |  1- 3 |  4- 6 |  7- 9 || total
---------------------------+-------+-------+-------++-------
  Melee: Hand axe          |    63 |   129 |   108 ||   300
         Headbutt          |     6 |    20 |    26 ||    52
         Punch             |       |       |     1 ||     1
 Invoke: Berserk           |     3 |     4 |     2 ||     9
    Use: Scroll            |       |       |     1 ||     1
 Armour: Animal skin       |    20 |       |       ||    20
         Scale mail        |       |    60 |    48 ||   108
         Plate armour      |       |       |    30 ||    30
  Dodge: Dodged            |    41 |    82 |    59 ||   182
